 Dungeon Crawl Stone Soup version bcrawl-1.40.3b (webtiles) character file.

Game seed: 7082759168720395770

342259 Amelense the Fencer (level 11, -14/75 HPs)
             Began as a Human Fighter on Feb 8, 2024.
             Was a Believer of Qazlal.
             Demolished by a wolf spider simulacrum (27 damage)
             ... on level 8 of the Dungeon.
             The game lasted 00:35:37 (7843 turns).

Amelense the Fencer (Human Fighter)                 Turns: 7843, Time: 00:35:37

Health: -14/75     AC: 12    Str: 27    XL:     11   Next: 4%
Magic:  11/11      EV:  7    Int:  9    God:    Qazlal [**....]
Gold:   340        SH: 17    Dex: 15    Spells: 10/10 levels left

rFire    x . .     GDR:     30% a - +0 long sword
rCold    . . .     SeeInvis .   c - +0 medium shield
rNeg     + + .     Gourm    .   d - +1 ring mail "Ighel" {rC- rN+ Dex+3}
rPois    .         Faith    .   w - +2 helmet
rElec    +         Spirit   .   z - scarf {clouds}
rCorr    .         Reflect  .   (no gloves)
MR       .....                  G - +1 pair of boots of Snakes and Ladders {rN+}
Stlth    +.........             (no amulet)
HPRegen  0.22/turn              H - +7 ring of strength
MPRegen  0.12/turn              A - ring of Xom's Ringing Laughter {Ice rElec}

@: no status effects
A: no striking features
a: Upheaval, Renounce Religion, Evoke Fog


You were on level 8 of the Dungeon.
You worshipped Qazlal.
Qazlal was pleased with you.
You were full.

You visited 1 branch of the dungeon, and saw 8 of its levels.

You collected 403 gold pieces.
You spent 63 gold pieces at shops.

Inventory:

Hand Weapons
 a - a +0 long sword (weapon)
 r - a +0 dire flail of protection
Armour
 b - a +0 scale mail
 c - a +0 medium shield (worn)
 d - the +1 ring mail "Ighel" (worn) {rC- rN+ Dex+3}
   (You found it on level 8 of the Dungeon)

   It affects your dexterity (+3).
   It makes you vulnerable to cold.
   It protects you from negative energy.
 w - a +2 helmet (worn)
 x - a +2 pair of boots
 z - a scarf of clouds (worn)
 E - a +0 ring mail
 G - the +1 pair of boots of Snakes and Ladders (worn) {rN+}
   (You found it on level 7 of the Dungeon)

   It protects you from negative energy.
 M - a +0 troll leather armour
Jewellery
 g - an uncursed ring of magical power
 m - an uncursed ring of insulation
 q - an uncursed ring of stealth
 A - the ring of Xom's Ringing Laughter (right hand) {Ice rElec}
   (You found it on level 6 of the Dungeon)

   [ring of ice]

   It enhances your ice magic.
   It makes you vulnerable to fire.
   It protects you from cold.
   It insulates you from electricity.
 H - a +7 ring of strength (left hand)
Wands
 C - a wand of paralysis (9)
 F - a wand of iceblast (8)
 J - a wand of flame (1)
Scrolls
 f - 3 scrolls of enchant weapon
 i - a scroll of identify
 l - a scroll of teleportation
 p - a scroll of fear
 s - a scroll of blinking
 B - 3 scrolls of amnesia
 K - a scroll of fog {unknown}
 L - a scroll of revelation {unknown}
Potions
 h - a potion of agility
 k - a potion of lignification {unknown}
 n - 2 potions of flight
 o - 2 potions of magic
 t - a potion of cancellation {unknown}
 u - a potion of brilliance {unknown}
 v - a potion of curing {unknown}
 D - a potion of degeneration {unknown}
 I - a potion of ambrosia {unknown}
Comestibles
 e - 8 rations {!d}


   Skills:
 * Level 3.2 Fighting
 + Level 15.9 Long Blades
 * Level 3.6 Armour
 * Level 1.5 Dodging
 * Level 3.7 Shields


You had 10 spell levels left.
You didn't know any spells.
Your spell library contained the following spells:

 Spells                   Type           Power        Failure   Level  Hunger
 Sandblast                Erth           #.....       100%        1    None
 Slow                     Hex            #.......     100%        1    None
 Ensorcelled Hibernation  Hex/Ice        #.....       100%        2    ####...
 Passwall                 Tmut/Erth      #.......     100%        2    ####...
 Confuse                  Hex            #.......     100%        3    #####..
 Dazzling Orbs            Conj/Hex       #......      100%        3    #####..
 Stone Arrow              Conj/Erth      #.....       100%        3    #####..
 Tukima's Dance           Hex            #.......     100%        3    #####..
 Cause Fear               Hex            #.........   100%        4    ######.
 Petrify                  Tmut/Erth      #.........   100%        4    ######.
 Lee's Rapid Deconstruct  Erth           #.........   100%        5    #######


Dungeon Overview and Level Annotations

Branches:
Dungeon (8/12)             Temple (0/1) D:7
   Lair: D:7-9          Orc: D:8-11

Altars:
Ashenzari
Cheibriados
Elyvilon
Makhleb
Nemelex Xobeh
Qazlal
Ru
Sif Muna
Vehumet
Yredelemnul
Zin
The Shining One

Shops:
D:4 :[((

Annotations:
D:3 3 runed translucent doors, Mrkan's ghost, amateur DsGl; foxfromabyss's ghost, amateur SpVM


Message History

The wolf spider simulacrum bites you!
The wolf spider simulacrum freezes you!!
You hit the wolf spider simulacrum but do no damage.
You block the wolf spider simulacrum's attack.
The wolf spider simulacrum barely misses you.
You barely miss the wolf spider simulacrum.
The wolf spider simulacrum hits you but does no damage.
You block the wolf spider simulacrum's attack. x2
The wolf spider simulacrum bites you but does no damage.
You slash the wolf spider simulacrum!
The wolf spider simulacrum is heavily damaged.
The wolf spider simulacrum hits you! The wolf spider simulacrum freezes you!
* * * LOW HITPOINT WARNING * * *
You block the wolf spider simulacrum's attack.
You hit the wolf spider simulacrum but do no damage.
The wolf spider simulacrum is heavily damaged.
The wolf spider simulacrum hits you.
* * * LOW HITPOINT WARNING * * *
The wolf spider simulacrum freezes you!!
You die...

#..?######
#...#...##
#...#....###
########..#.......
#....<[..........#
#...[)...........#
#.......).......##
..##..○............#
#.....Z@...........#
####....†.?.).....##
#....††.#.....##
##.#..###.#####
#...... #.#
####.....## ......
.....$.. ..P.......


You could see a wolf spider simulacrum.

Vanquished Creatures
  2 two-headed ogres
  An elephant (D:7)
  3 trolls
  2 hippogriffs (D:7)
  A basilisk (D:8)
  A hungry ghost (D:7)
  Edmund (D:6)
  Menkaure (D:6)
  A crocodile (D:8)
  A water moccasin (D:7)
  2 ice beasts (D:6)
  2 phantoms
  2 sky beasts (D:4)
  A black bear (D:8)
  3 ogres
  2 bullfrogs (D:6)
  3 kobold brigands
  2 water moccasin zombies
  A scorpion (D:5)
  A howler monkey (D:7)
  2 orc priests
  3 crimson imps
  A bullfrog zombie (D:5)
  3 jellies
  3 hounds
  5 orc wizards
  3 iguanas
  5 worker ants
  A hound zombie (D:6)
  3 hound skeletons
  5 adders
  A shadow imp (D:7)
  An adder skeleton (D:4)
  5 leopard geckos
  17 orcs
  A bat (D:2)
  2 giant cockroaches
  5 hobgoblins
  3 jackals (D:2)
  2 quokkas
  6 frilled lizards
  2 goblins
  17 kobolds
  5 rats
134 creatures vanquished.

Notes
Turn   | Place    | Note
-------+----------+-------------------------------------------
     0 | D:1      | Amelense the Human Fighter began the quest for the Orb.
     0 | D:1      | Reached XP level 1. HP: 18/18 MP: 1/1
   533 | D:2      | Reached XP level 2. HP: 23/24 MP: 2/2
   569 | D:2      | Reached skill level 3 in Long Blades
   942 | D:2      | Found a faded altar of an unknown god.
  1056 | D:2      | Reached XP level 3. HP: 25/29 MP: 3/3
  1603 | D:3      | Found a runed translucent gate.
  1603 | D:3      | Found a runed translucent gate.
  1603 | D:3      | Found a runed translucent gate.
  1607 | D:3      | Noticed foxfromabyss's ghost (amateur SpVM)
  1607 | D:3      | Noticed Mrkan's ghost (amateur DsGl)
  1684 | D:3      | Reached skill level 4 in Long Blades
  2113 | D:3      | Reached XP level 4. HP: 31/35 MP: 4/4
  2376 | D:3      | Found a stormy altar of Qazlal.
  2431 | D:3      | Became a worshipper of Qazlal Stormbringer
  2574 | D:4      | Found Jontiso's Book Boutique.
  2654 | D:4      | Reached skill level 5 in Long Blades
  2654 | D:4      | Reached skill level 1 in Dodging
  2654 | D:4      | Reached XP level 5. HP: 36/41 MP: 5/5
  2741 | D:4      | Noticed a sky beast
  2766 | D:4      | Killed a sky beast
  2767 | D:4      | Reached skill level 6 in Long Blades
  2767 | D:4      | Reached XP level 6. HP: 29/47 MP: 6/6
  3063 | D:4      | Found Sammeceeqi's Armour Shop.
  3071 | D:4      | Bought a +0 pair of boots for 63 gold pieces
  3082 | D:4      | Found Plog's Weapon Shoppe.
  3247 | D:4      | Noticed a phantom
  3286 | D:4      | Killed a phantom
  3287 | D:4      | Reached skill level 7 in Long Blades
  3287 | D:4      | Reached XP level 7. HP: 39/52 MP: 7/7
  3399 | D:4      | Reached skill level 8 in Long Blades
  3823 | D:4      | Found Etiliq's Weapon Shoppe.
  3950 | D:5      | Entered Level 5 of the Dungeon
  4081 | D:5      | Found a white marble altar of Elyvilon.
  4189 | D:5      | Reached skill level 9 in Long Blades
  4203 | D:5      | Reached XP level 8. HP: 21/58 MP: 8/8
  4503 | D:5      | Found a sparkling altar of Nemelex Xobeh.
  4558 | D:5      | Found a snail-covered altar of Cheibriados.
  4856 | D:6      | Got a smoking steel ring
  4858 | D:6      | Identified the ring of Xom's Ringing Laughter {Ice rElec}
                  | (You found it on level 6 of the Dungeon)
  4971 | D:6      | Found a glowing silver altar of Zin.
  4971 | D:6      | Found a shimmering blue altar of Sif Muna.
  4972 | D:6      | Found a shattered altar of Ashenzari.
  5059 | D:6      | Reached skill level 10 in Long Blades
  5128 | D:6      | Found a glowing golden altar of the Shining One.
  5216 | D:6      | Noticed Edmund
  5270 | D:6      | Killed Edmund
  5356 | D:6      | Reached * piety under Qazlal
  5391 | D:6      | Reached skill level 11 in Long Blades
  5515 | D:6      | Noticed Menkaure
  5524 | D:6      | Reached XP level 9. HP: 26/63 MP: 9/9
  5528 | D:6      | Killed Menkaure
  5805 | D:6      | Reached skill level 12 in Long Blades
  5833 | D:6      | Found a basalt altar of Yredelemnul.
  5836 | D:6      | Found a sacrificial altar of Ru.
  5913 | D:7      | Found a sparkling altar of Nemelex Xobeh.
  5913 | D:7      | Noticed a hippogriff
  5926 | D:7      | Killed a hippogriff
  6066 | D:7      | Noticed a troll
  6075 | D:7      | Killed a troll
  6109 | D:7      | Reached skill level 13 in Long Blades
  6290 | D:7      | Got a pair of ancient boots
  6302 | D:7      | Identified the +1 pair of boots of Snakes and Ladders {rN+}
                  | (You found it on level 7 of the Dungeon)
  6649 | D:7      | Found a staircase to the Ecumenical Temple.
  6681 | D:7      | Reached XP level 10. HP: 64/70 MP: 10/10
  6824 | D:8      | Got a smoking ring mail
  6912 | D:7      | Reached skill level 14 in Long Blades
  7021 | D:7      | Identified the cursed +1 ring mail "Ighel" {rC- rN+ Dex+3}
                  | (You found it on level 8 of the Dungeon)
  7033 | D:7      | Found a radiant altar of Vehumet.
  7034 | D:7      | Found a burning altar of Makhleb.
  7229 | D:8      | Noticed an elephant
  7229 | D:8      | Noticed a two-headed ogre
  7336 | D:7      | Killed a two-headed ogre
  7337 | D:7      | Reached skill level 15 in Long Blades
  7464 | D:8      | Noticed a two-headed ogre
  7465 | D:8      | Reached ** piety under Qazlal
  7483 | D:7      | Killed an elephant
  7581 | D:8      | HP: 3/70 [two-headed ogre/+0 giant club (12)]
  7582 | D:8      | Killed a two-headed ogre
  7759 | D:8      | Reached XP level 11. HP: 47/75 MP: 11/11
  7843 | D:8      | Demolished by a wolf spider simulacrum

Skill      XL: |  1  2  3  4  5  6  7  8  9 10 |
---------------+-------------------------------+-----
Long Blades    | 3 4 5 6 7 9 11 13 15 | 15.9
Dodging        | 1 |  1.5
Fighting       | |  3.2
Armour         | |  3.6
Shields        | |  3.7

Action                   |  1- 3 |  4- 6 |  7- 9 | 10-12 || total
-------------------------+-------+-------+-------+-------++-------
Melee: Long sword        |   133 |   103 |   441 |   123 ||   800
  Use: Scroll            |       |     5 |     5 |     5 ||    15
       Potion            |       |     1 |     3 |     4 ||     8
 Stab: Sleeping          |     1 |     1 |     2 |       ||     4
  Eat: Chunk             |     8 |     6 |    21 |       ||    35
       Ration            |       |       |     1 |     3 ||     4
Armor: Scale mail        |    61 |    32 |   118 |     7 ||   218
       Ring mail         |       |       |       |    39 ||    39
Dodge: Dodged            |    21 |    14 |    47 |    22 ||   104
Block: Medium shield     |    73 |    48 |   224 |   146 ||   491
